 Dungeon Crawl Stone Soup version 0.30.1-3-gfc49f6343a (webtiles) character file.

Game seed: 12312161281786682860

12217 Descartes the Protected (level 12, -1/97 HPs)
             Began as a Formicid Fighter on Aug 6, 2023.
             Was an Initiate of Gozag.
             Shot with an arrow by a centaur warrior (21 damage)
             ... on level 8 of the Dungeon.
             The game lasted 00:19:57 (11415 turns).

Descartes the Protected (Formicid Fighter)         Turns: 11415, Time: 00:19:58

Health: -1/97      AC: 14    Str: 28    XL:     12   Next: 17%
Magic:  12/12      EV: 11    Int:  8    God:    Gozag
Gold:   1767       SH:  7    Dex: 13    Spells: 11/11 levels left

rFire   . . .        C - +4 flail "Vimarutz" {venom, *Noise Fly rPois rC+}
rCold   + . .        c - +0 buckler
rNeg    + + +        y - +2 steam dragon scales
rPois   +            (helmet unavailable)
rElec   .            r - +0 cloak
rCorr   .            I - +0 pair of gloves "Tirudatz" {+Blink rC- rN+++ Str+2}
SInv    +            M - +0 pair of boots
Will    +....        (no amulet)
Stlth   +            E - ring of positive energy
HPRegen 0.36/turn    K - ring of protection from cold
MPRegen 0.13/turn

%: no passive effects
@: flying, studying Armour
A: permanent stasis, dig shafts and tunnels, antennae 3, four strong arms
a: Dig, Shaft Self, Renounce Religion, Potion Petition, Call Merchant, Bribe
Branch


You were on level 8 of the Dungeon.
You worshipped Gozag.
Gozag was most pleased with you.
You visited 2 branches of the dungeon, and saw 11 of its levels.
You also visited: Bailey.

You collected 2182 gold pieces.
You paid 415 gold pieces to Gozag.

Inventory:

Hand Weapons
 q - the +1 quick blade of Gasomaci {holy, Dex+2}
   (You took it off a spriggan in a bailey)

   Dex:       It affects your dexterity (+2).
 C - the +4 flail "Vimarutz" (weapon) {venom, *Noise Fly rPois rC+}
   (You found it on level 3 of the Dungeon)

   rC:        It protects you from cold.
   rPois:     It protects you from poison.
   Fly:       It grants you flight.
   *Noise:    It may make noises in combat.
Missiles
 e - 34 poisoned darts
Armour
 c - a +0 buckler (worn)
 r - a +0 cloak (worn)
 v - a +3 chain mail
 y - +2 steam dragon scales (worn)
 I - the +0 pair of gloves "Tirudatz" (worn) {+Blink rC- rN+++ Str+2}
   (You found it on level 5 of the Dungeon)

   Str:       It affects your strength (+2).
   rC:        It makes you vulnerable to cold.
   rN:        It renders you almost immune to negative energy.
   +Blink:    It lets you blink.
 M - a +0 pair of boots (worn)
Jewellery
 E - a ring of positive energy (left hand)
 K - a ring of protection from cold (right hand)
 P - a ring of fire
Wands
 f - a wand of flame (26)
 u - a wand of mindburst (7)
 A - a wand of iceblast (15)
 L - a wand of paralysis (13)
 N - a wand of light (2)
 Q - a wand of polymorph (4)
Scrolls
 b - 2 scrolls of vulnerability {unknown}
 i - 3 scrolls of enchant armour
 m - a scroll of fear
 n - a scroll of torment {unknown}
 p - a scroll of amnesia
 s - 3 scrolls of brand weapon
 t - a scroll of silence {unknown}
 z - 2 scrolls of magic mapping
 B - 2 scrolls of fog
 F - a scroll of enchant weapon
 J - 3 scrolls of identify
Potions
 a - 2 potions of magic {unknown}
 d - 2 potions of might
 g - 3 potions of heal wounds
 h - a potion of berserk rage {unknown}
 j - 3 potions of degeneration {unknown}
 k - 4 potions of haste {unknown}
 l - 3 potions of flight {unknown}
 o - 5 potions of brilliance {unknown}
 w - 3 potions of mutation {unknown}
 x - 3 potions of lignification {unknown}
 D - a potion of ambrosia {unknown}
 G - 4 potions of attraction {unknown}
 O - a potion of cancellation {unknown}
Miscellaneous
 H - a piece from Xom's chessboard (15/15)


   Skills:
 + Level 9.9 Fighting
 - Level 8.6(10.0) Axes
 + Level 7.9(9.7) Maces & Flails
 + Level 12.3 Armour
 + Level 11.9 Shields


You had 11 spell levels left.
You didn't know any spells.
Your spell library contained the following spells:

 Spells                   Type           Power      Damage    Failure   Level
 Magic Dart               Conj           0%         1d3       43%         1
 Summon Small Mammal      Summ           0%         N/A       43%         1
 Call Imp                 Summ           0%         N/A       58%         2
 Call Canine Familiar     Summ           0%         N/A       82%         3
 Mephitic Cloud           Conj/Pois/Air  0%         N/A       82%         3
 Summon Guardian Golem    Hex/Summ       0%         N/A       82%         3
 Leda's Liquefaction      Hex/Erth       0%         N/A       99%         4
 Lee's Rapid Deconstruct  Erth           0%         3d4*      100%        5
 Statue Form              Tmut/Erth      0%         N/A       100%        6


Dungeon Overview and Level Annotations

Branches:
Dungeon (10/15)            Temple (1/1) D:4            Lair (0/5) D:9
 Bailey (visited)
    Orc: D:9-12

Altars:
Ashenzari
Cheibriados
Dithmenos
Elyvilon
Fedhas
Gozag
Hepliaklqana
Kikubaaqudgha
Makhleb
Nemelex Xobeh
Okawaru
Qazlal
Ru
Sif Muna
Trog
Uskayaw
Vehumet
Wu Jian
Xom
Yredelemnul
Zin
The Shining One

Annotations:
D:8 1 runed translucent door
D:9 1 runed translucent door
D:10 3 runed translucent doors, LavenderCorpse's ghost, journeyman DsMo


Innate Abilities, Weirdness & Mutations

You cannot be hasted, slowed, berserked, paralysed or teleported.
You can dig through walls and to a lower floor.
You have a pair of large antennae on your head. (SInv)
Your four strong arms can wield two-handed weapons with a shield.


Message History

Your flail "Vimarutz" inquires about your family.
You block the hornet's attack. The hornet stings you!
You hit the hornet.
The hornet is lightly wounded.
The hornet stings you!
Your stasis prevents you from being slowed.
You miss the hornet.
The hornet is lightly wounded.
A centaur warrior comes into view.
The hornet stings you!
You hit the hornet but do no damage.
The hornet is poisoned.
The hornet is lightly wounded.
The hornet stings you but does no damage. x2
You barely miss the hornet.
The hornet is moderately wounded.
The hornet stings you but does no damage.
The centaur warrior wields a +0 shortbow.
The centaur warrior shoots an arrow.
The arrow hits you!
You closely miss the hornet.
The hornet is moderately wounded.
You block the hornet's attack.
The centaur warrior shoots an arrow.
The arrow hits you!
You are too injured to fight recklessly!
You are too injured to fight recklessly!
You are too injured to fight recklessly!
Unknown command.
You are too injured to fight recklessly!
Unknown command.
You closely miss the hornet.
The hornet is moderately wounded.
The hornet stings you!
Your stasis prevents you from being slowed.
The centaur warrior shoots an arrow.
You block the arrow.
A gnoll sergeant comes into view. It is wielding a +2 spear of venom.
The hornet stings you!
* * * LOW HITPOINT WARNING * * *
Your stasis prevents you from being slowed.
The centaur warrior shoots an arrow.
The arrow hits you!!
You die...
Your body crumbles into a pile of gold.

###...#
#.........
##.....##
#.......#. {
$#.......#
###......... { $
#.......#
#...........
$#.......#
#........##.
#....c.##
#...........
#..gy..##
#.......#.#. {
#.$.##
####).......
##@.$# #........
# ##$)##
#........ .#
###.#####....#.#.
...
#...........#.#.
.F{.
##..............
.D.o{
#..........#.#.
...{{
#..###.....#.#.
{{#..###.....#.#.
{ #..##..........


You could see a centaur warrior, a hornet (very poisoned) and a gnoll sergeant.

Vanquished Creatures
  3 two-headed ogres
  Pikel (D:7)
  Maurice (D:9)
  A tengu conjurer (D:8)
  A meliai (D:9)
  2 hornets
  Sigmund (D:2)
  7 spriggans (Bailey)
  6 yaks
  A wraith (D:8)
  6 wyverns
  2 vampires
  A basilisk (D:9)
  Edmund (D:6)
  4 steam dragons
  4 water moccasins
  An acid dragon (D:10)
  2 black bears
  4 ice beasts
  2 orc warriors (D:8)
  2 ogres (Bailey)
  A lemure (D:7)
  9 centaurs
  A phantom (D:7)
  3 kobold brigands
  8 bullfrogs
  A gnoll sergeant (D:7)
  2 scorpions
  A killer bee (D:9)
  3 howler monkeys (D:9)
  A hound (D:6)
  A gnoll bouda (D:8)
  A human zombie (D:3)
  3 jellies
  7 orc priests
  Jessica (D:3)
  Ijyb (D:3)
  2 iguanas
  2 sleepcaps
  16 orc wizards
  7 gnolls
  11 adders
  A white imp (D:7)
  An ufetubus (D:5)
  3 worms
  2 dart slugs (D:1)
  60 orcs
  6 endoplasms
  3 giant cockroaches
  6 goblins
  7 hobgoblins
  4 jackals (D:5)
  18 kobolds
  A quokka (D:4)
  6 ball pythons
  A bat (D:3)
  7 frilled lizards
  5 rats
266 creatures vanquished.

Vanquished Creatures (others)
  A human (D:3)
1 creature vanquished.

Grand Total: 267 creatures vanquished

Notes
Turn   | Place    | Note
-------+----------+-------------------------------------------
     0 | D:1      | Descartes the Formicid Fighter began the quest for the Orb.
     0 | D:1      | Reached XP level 1. HP: 18/18 MP: 1/1
   224 | D:1      | Reached XP level 2. HP: 22/24 MP: 2/2
   353 | D:1      | Found a faded altar of an unknown god.
   835 | D:2      | Reached XP level 3. HP: 25/29 MP: 3/3
   899 | D:2      | Noticed Sigmund
   911 | D:2      | Killed Sigmund
   912 | D:2      | Reached skill level 4 in Armour
   912 | D:2      | Reached skill level 5 in Shields
   912 | D:2      | Reached XP level 4. HP: 29/38 MP: 4/4
   912 | D:2      | Reached XP level 5. HP: 33/43 MP: 5/5
  1009 | D:2      | Reached XP level 6. HP: 49/49 MP: 6/6
  1598 | D:3      | Found an opulent altar of Gozag.
  1615 | D:3      | Found a glowing golden altar of the Shining One.
  1620 | D:3      | Became a worshipper of Gozag Ym Sagoz the Greedy
  1710 | D:3      | Identified the +8 ring mail "Huofoph" {Dex+3}
  1906 | D:3      | Noticed Ijyb
  1913 | D:3      | Killed Ijyb
  1924 | D:3      | Found an ancient bone altar of Kikubaaqudgha.
  1928 | D:3      | Noticed a human
  1930 | D:3      | Killed a human
  1988 | D:3      | Identified the +4 flail "Vimarutz" {venom, *Noise Fly rPois
                  | rC+}
  2008 | D:3      | Noticed Jessica
  2015 | D:3      | Killed Jessica
  2016 | D:3      | Reached XP level 7. HP: 51/55 MP: 7/7
  2416 | D:4      | Found a basalt altar of Yredelemnul.
  2420 | D:4      | Reached skill level 5 in Fighting
  2420 | D:4      | Reached skill level 5 in Armour
  2432 | D:4      | Reached skill level 1 in Maces & Flails
  2752 | D:4      | Found a staircase to the Ecumenical Temple.
  2779 | Temple   | Entered the Ecumenical Temple
  3105 | D:5      | Entered Level 5 of the Dungeon
  3195 | D:5      | Identified the +0 pair of gloves "Tirudatz" {+Blink rC-
                  | rN+++ Str+2}
  3278 | D:5      | Reached XP level 8. HP: 11/62 MP: 8/8
  3484 | D:5      | Found an iron altar of Okawaru.
  4560 | D:6      | Reached skill level 6 in Armour
  4584 | D:6      | Reached skill level 5 in Axes
  4787 | D:6      | Found a sparkling altar of Nemelex Xobeh.
  4851 | D:6      | Reached XP level 9. HP: 68/69 MP: 9/9
  5092 | D:6      | Noticed Edmund
  5102 | D:6      | Killed Edmund
  5368 | D:7      | Identified a scroll of acquirement
  5371 | D:7      | Acquired a manual of Armour
  5387 | D:7      | Noticed Pikel
  5398 | D:7      | Killed Pikel
  5399 | D:7      | Reached skill level 7 in Armour
  5442 | D:7      | Found a flagged portal.
  5451 | Bailey   | Entered a bailey
  5556 | Bailey   | Reached skill level 8 in Armour
  5556 | Bailey   | Reached XP level 10. HP: 12/79 MP: 10/10
  5557 | Bailey   | Reached skill level 5 in Maces & Flails
  5762 | Bailey   | Identified the +1 quick blade of Gasomaci {holy, Dex+2}
  6004 | Bailey   | Noticed a two-headed ogre
  6009 | Bailey   | Killed a two-headed ogre
  6010 | Bailey   | Reached skill level 9 in Armour
  6582 | D:7      | Reached skill level 10 in Shields
  7077 | D:7      | Found a burning altar of Makhleb.
  7129 | D:7      | Found a radiant altar of Vehumet.
  7769 | D:8      | Reached skill level 10 in Armour
  7773 | D:8      | Reached XP level 11. HP: 75/87 MP: 11/11
  8248 | D:8      | Found a runed translucent door.
  8406 | D:8      | Found an ornate altar of the Wu Jian Council.
  8657 | D:8      | Found a runed translucent door.
  8955 | D:9      | Noticed Maurice
  8968 | D:9      | Killed Maurice
  9058 | D:9      | Reached skill level 11 in Armour
  9239 | D:9      | Found a shadowy altar of Dithmenos.
  9360 | D:9      | Found a staircase to the Lair.
  9701 | D:9      | Found a runed translucent door.
 10010 | D:9      | Noticed a boulder beetle
 10042 | D:10     | Entered Level 10 of the Dungeon
 10115 | D:10     | Noticed a two-headed ogre
 10127 | D:10     | Killed a two-headed ogre
 10627 | D:10     | Found a white marble altar of Elyvilon.
 10710 | D:10     | Noticed a two-headed ogre
 10719 | D:10     | Killed a two-headed ogre
 10720 | D:10     | Reached skill level 12 in Armour
 10720 | D:10     | Reached XP level 12. HP: 38/97 MP: 12/12
 10957 | D:10     | Found a runed translucent gate.
 10957 | D:10     | Found a runed translucent gate.
 10957 | D:10     | Found a runed translucent gate.
 11082 | D:10     | Noticed LavenderCorpse's ghost (journeyman DsMo)
 11410 | D:8      | Noticed a centaur warrior
 11415 | D:8      | Shot with an arrow by a centaur warrior

Illustrated notes

Levels and vault maps discovered:
D:1:      grunt_arrival_lava_bath, layout_basic,
          dreamdust_ecumenical_altar_hidden_monk_grotto, due_unseen_surprise
D:2:      layout_basic, uniq_sigmund
D:3:      layout_basic, tgw_kikubaaqudgha, nicolae_overflow_squiral,
          serial_glass, glass_columns_b, glass_columns_b, uniq_jessica,
          uniq_ijyb
D:4:      layout_cave_pods, mainiacjoe_overflow_six_doors_small,
          minmay_temple_entry_proselytizer, serial_glass, glass_columns_a,
          glass_columns_a, chequers_serial_rivers_room_b
D:5:      layout_gridville, okawaru_gym_becter, minmay_misc_feat_columns,
          hellmonk_bongcloud_opening
D:6:      layout_loops_ring, lemuel_coloured_pillars_altar, uniq_edmund
D:7:      kennysheep_spiral_hall, layout_loops_corners, vehumet_crystals,
          lemuel_tele_altar, enter_bailey_1, chequers_serial_rivers_large_a,
          columned_hall_lemuel, grunt_ministairs_7, serial_bayou_lagoon_a,
          nicolae_elevator_lobby_asterisk, uniq_pikel
D:8:      cheibrodos_histonic, layout_basic, lemuel_doored_altar,
          kennysheep_generic_room_3
D:9:      layout_basic, grunt_dithmenos_smoke, minmay_lair_entry_grove,
          minivault_13, uniq_maurice
D:10:     layout_loops_ring, marbit_many_paths, gammafunk_ghost_icy
Temple:   minmay_freezing_vapour_temple

Skill      XL: |  1  2  3  4  5  6  7  8  9 10 11 |
---------------+----------------------------------+-----
Fighting       | 4 5 6 7 8 9 |  9.9
Axes           | 3 4 5 6 7 8 |  8.6
Armour         | 4 5 6 8 10 12 | 12.3
Shields        | 5 6 7 9 10 11 | 11.9
Maces & Flails | 1 3 4 6 7 |  7.9

Action                     |  1- 3 |  4- 6 |  7- 9 | 10-12 || total
---------------------------+-------+-------+-------+-------++-------
  Melee: War axe           |    53 |    77 |       |       ||   130
         Hand axe          |       |    33 |       |       ||    33
         Flail             |       |     4 |   256 |   453 ||   713
 Invoke: Potion Petition   |       |       |     1 |       ||     1
Ability: Dig               |     1 |     3 |     1 |     1 ||     6
    Use: Scroll            |       |       |    10 |     3 ||    13
         Potion            |       |       |     1 |     4 ||     5
   Stab: Distracted        |       |     1 |       |     3 ||     4
 Armour: Scale mail        |    26 |    47 |   135 |     4 ||   212
         Steam dragon scal |       |       |       |   147 ||   147
  Dodge: Dodged            |    28 |    34 |   100 |   188 ||   350
  Block: Buckler           |    10 |    24 |    97 |   149 ||   280
